Map: Port Aleksander LE

Players

Dante

  • Race: Zerg Zerg
  • League: Gold
  • Spawn Location: 11:00

Poverty - Winner!

  • Race: Zerg Zerg
  • League: Silver
  • Spawn Location: 5:00

VOD

Have the link to the VOD?

Description

Time

  • Played on: Nov. 25, 2018, 2 a.m.
  • Length: 17:34
Show
View Real Time Build Order
Export as new Build Order

Dante Zerg 

Build Orders: Hatch First 

Get SALT Encoding   

  12  0:02  Drone  
  13  0:10  Drone  
  14  0:19  Extractor, Drone  
  15  0:24  Overlord  
  15  0:50  Hatchery  
  15  0:53  Drone  
  15  0:54  Drone  
  16  1:10  Spawning Pool  
  15  1:15  Extractor, Drone  
  15  1:18  Drone  
  15  1:23  Drone  
  17  1:28  Drone  
  18  1:37  Overlord  
  18  1:59  Zergling x4  
  20  2:21  Drone x2  
  22  2:24  Drone x2  
  22  2:25  Drone  
  22  2:26  Queen  
  27  2:51  Drone x2  
  27  2:56  Roach Warren  
  27  2:57  Overlord  
  28  3:05  Zergling x4  
  30  3:14  Spore Crawler, Queen  
  30  3:17  Hatchery  
  30  3:18  Spore Crawler  
  29  3:44  Roach x3  
  29  3:47  Extractor  
  34  3:48  Drone  
  34  3:49  Drone x5  
  34  3:54  Extractor  
  39  3:57  Roach  
  39  3:59  Extractor  
  40  4:18  Drone x2  
  42  4:27  Spore Crawler, Drone x2  
  42  4:28  Drone  
  42  4:30  Lair  
  44  4:56  Roach x3  
  44  4:58  Overlord x3  
  50  5:19  Queen  
  53  5:21  Drone x3  
  53  5:24  Roach x2  
  53  5:25  Roach  
  53  5:27  Roach  
  53  5:28  Roach x2  
  67  5:42  Roach  
  66  5:48  Drone  
  67  5:56  Roach  
  64  6:00  Roach x4  
  64  6:01  Roach x2  
  68  6:12  Roach  
  68  6:13  Roach x2  
  74  6:18  Overlord  
  74  6:19  Overlord  
  74  6:27  Overlord  
  70  6:38  Roach x3  
  70  6:39  Roach  
  78  6:42  Roach  
  78  6:45  Drone  
  78  6:46  Drone  
  82  6:49  Drone  
  83  6:54  Drone x2  
  83  6:56  Drone  
  86  7:03  Burrow  
  86  7:08  Pneumatized Carapace  
  86  7:11  Drone x3  
  87  7:26  Roach x4  
  87  7:27  Roach  
  97  7:30  Glial Reconstitution  
  97  7:37  Evolution Chamber  
  96  7:44  Drone x2  
  96  7:46  Evolution Chamber  
  96  7:47  Overseer x2  
  97  7:54  Drone  
  98  8:11  Overlord x2  
  98  8:12  Overlord  
  98  8:14  Zerg Melee Weapons Level 1  
  98  8:15  Zerg Missile Weapons Level 1  
  98  8:16  Hatchery  
  97  8:30  Hydralisk Den  
  97  8:33  Drone x3  
  99  8:40  Spore Crawler  
  98  8:42  Spore Crawler  
  98  8:45  Spore Crawler  
  98  8:46  Extractor  
  98  8:47  Extractor  
  98  8:48  Drone  
  95  8:53  Overlord x2  
  95  8:54  Overlord  
  95  9:04  Hydralisk Den  
  94  9:10  Spire  
  94  9:13  Spire  
  94  9:14  Drone x2  
  94  9:26  Drone x4  
  94  9:27  Drone  
  94  9:29  Hydralisk  
  101  9:38  Drone x3  
  104  9:45  Queen  
  106  9:48  Drone  
  106  9:50  Drone  
  108  9:55  Hydralisk  
  108  9:59  Grooved Spines  
  110  10:04  Muscular Augments  
  110  10:06  Hydralisk  
  112  10:12  Hydralisk x2  
  116  10:17  Drone x2  
  116  10:18  Drone  
  116  10:20  Hydralisk  
  115  10:32  Hydralisk x3  
  121  10:37  Hydralisk  
  121  10:38  Hydralisk  
  125  10:43  Drone x3  
  125  10:49  Hydralisk x2  
  132  10:55  Drone x2  
  132  10:56  Drone  
  135  11:01  Mutalisk x2  
  139  11:10  Mutalisk x2  
  131  11:13  Mutalisk x2  
  131  11:18  Zerg Ground Armor Level 1  
  135  11:20  Zerg Missile Weapons Level 2  
  136  11:25  Drone  
  136  11:26  Drone  
  125  11:35  Mutalisk  
  125  11:36  Mutalisk x2  
  101  11:44  Mutalisk x2  
  101  11:45  Mutalisk x3  
  94  11:55  Mutalisk x3  
  100  12:07  Mutalisk x3  
  100  12:08  Mutalisk  
  100  12:29  Mutalisk x3  
  98  12:52  Hydralisk  
  100  13:03  Drone x2  
  100  13:04  Drone x3  
  105  13:12  Hydralisk x2  
  105  13:19  Hatchery  
  104  13:38  Hydralisk  
  104  13:41  Extractor  
  105  13:43  Extractor  
  105  13:45  Zergling x8  
  105  13:47  Queen  
  110  13:58  Hydralisk  
  110  13:59  Hatchery  
  110  14:01  Hydralisk  
  75  14:43  Hydralisk x3  
  75  14:45  Hydralisk x4  
  67  14:57  Zergling x2  
  68  15:00  Zergling x6  
  68  15:06  Zergling x2  
  67  15:17  Zergling x2  
  58  15:21  Zergling x2  
  53  15:30  Zergling x8  
  53  15:33  Hydralisk x4  
  50  15:40  Drone x3  
  50  15:41  Queen  
  50  15:46  Zergling x2  
  45  16:02  Zergling x6  
  47  16:08  Spawning Pool  
  47  16:11  Drone x2  
  45  16:15  Zergling x2  
  45  16:16  Zergling x8  
  44  16:29  Drone x2  
  46  16:42  Drone x2  
  48  16:55  Zergling x4  
  48  17:00  Drone x3  
  53  17:02  Drone x2  
  53  17:05  Zergling x2  
  56  17:12  Drone  
  56  17:14  Extractor  
  56  17:16  Extractor  
Show
View Real Time Build Order
Export as new Build Order

Poverty Zerg - Winner!

Build Orders: Pool First 

Get SALT Encoding   

  12  0:03  Drone  
  13  0:13  Overlord  
  13  0:21  Drone  
  14  0:31  Drone x2  
  14  0:35  Drone  
  17  0:42  Extractor  
  17  0:46  Drone  
  17  0:54  Spawning Pool  
  16  1:00  Drone  
  17  1:19  Hatchery  
  17  1:22  Drone  
  17  1:25  Drone  
  18  1:32  Drone  
  19  1:43  Drone  
  20  1:57  Drone  
  22  2:01  Drone  
  22  2:11  Overlord  
  22  2:24  Overlord  
  22  2:31  Queen x2  
  22  2:33  Metabolic Boost  
  22  2:35  Drone x2  
  28  2:42  Drone  
  28  2:43  Drone  
  30  2:55  Drone x2  
  32  3:05  Baneling Nest  
  31  3:20  Zergling x2  
  31  3:21  Zergling x6  
  31  3:26  Queen  
  39  3:28  Lair  
  39  3:31  Drone x2  
  39  3:40  Drone x5  
  44  4:07  Overlord x4  
  44  4:12  Hatchery  
  42  4:25  Roach Warren  
  42  4:26  Centrifical Hooks  
  42  4:29  Zergling x14  
  48  4:33  Drone  
  48  4:37  Queen  
  51  5:08  Roach x6  
  63  5:17  Zergling x6  
  63  5:18  Zergling x6  
  69  5:34  Roach  
  69  5:35  Roach  
  68  5:47  Roach x3  
  64  5:58  Roach  
  64  6:02  Roach  
  67  6:09  Roach  
  69  6:15  Extractor  
  69  6:18  Drone x8  
  74  6:38  Ravager  
  73  6:49  Extractor  
  73  6:50  Extractor, Drone x5  
  73  6:51  Drone x6  
  82  6:55  Overlord x3  
  82  6:56  Overlord x4  
  82  7:06  Overlord x3  
  82  7:20  Extractor  
  81  7:23  Extractor  
  81  7:26  Glial Reconstitution  
  81  7:28  Roach  
  81  7:29  Roach x5  
  92  7:34  Drone  
  92  7:36  Roach  
  93  7:39  Drone x8  
  101  7:48  Drone x2  
  101  7:49  Drone  
  104  7:52  Ravager  
  102  8:01  Roach  
  102  8:02  Roach x5  
  114  8:28  Drone  
  114  8:29  Drone x11  
  114  8:33  Ravager  
  127  8:34  Ravager  
  128  9:04  Roach  
  128  9:05  Roach x9  
  148  9:13  Evolution Chamber  
  148  9:14  Evolution Chamber  
  148  9:17  Hydralisk Den, Roach x3  
  145  9:19  Queen x2  
  145  9:20  Queen  
  157  9:32  Drone x3  
  157  9:36  Drone  
  161  9:42  Hatchery  
  160  9:56  Roach  
  162  10:00  Overseer  
  162  10:01  Overseer  
  162  10:02  Overlord x9  
  162  10:16  Overlord  
  162  10:17  Overlord x3  
  158  10:32  Ravager  
  158  10:33  Ravager  
  158  10:34  Ravager  
  161  10:36  Roach x5  
  161  10:37  Roach x11  
  193  10:59  Roach x3  
  193  11:11  Zerg Missile Weapons Level 1, Zerg Ground Armor Level 1  
  193  11:13  Hydralisk x3  
  199  11:19  Ravager  
  176  11:38  Roach x16  
  187  11:44  Overseer x3  
  170  11:59  Roach x10  
  190  12:07  Roach x2  
  115  12:45  Spine Crawler  
  115  12:47  Overseer  
  115  12:50  Spore Crawler x2  
  107  12:52  Spore Crawler  
  107  12:53  Spore Crawler  
  107  12:55  Spore Crawler  
  107  12:56  Spore Crawler  
  107  12:57  Spore Crawler  
  94  12:59  Spore Crawler  
  94  13:01  Spore Crawler  
  94  13:03  Spore Crawler x2  
  76  13:06  Spore Crawler  
  76  13:07  Hydralisk  
  76  13:08  Hydralisk x23  
  121  13:40  Hydralisk x3  
  121  13:41  Hydralisk x11  
  149  13:58  Hydralisk x2  
  149  13:59  Hydralisk x3  
  159  14:07  Infestation Pit  
  148  14:23  Zergling x2  
  148  14:24  Zergling x40  
  133  14:35  Roach x8  
  117  14:46  Roach x8  
  126  14:56  Roach x5  
  136  15:06  Roach  
  136  15:07  Roach x2  
  139  15:18  Roach x13  
  139  15:19  Roach  
  163  15:27  Hatchery  
  155  15:35  Hydralisk x6  
  164  15:45  Zergling x2  
  164  15:46  Zergling x26  
  177  15:50  Extractor  
  177  15:51  Extractor  
  177  15:56  Roach x4  
  183  16:00  Hydralisk x2  
  187  16:11  Extractor, Drone x10  
  194  16:19  Overseer x3  
  194  16:20  Zergling x10  
Tags
 
Add a new tag
Caveats
  • Supply blocks, unpowered buildings, or Contaminate may cause inaccurate times.
  • Supply counts are checked every 10 seconds.